 Dungeon Crawl Stone Soup version 0.29.0-4-gdea44cf6ec (webtiles) character file.

Game seed: 3695987456477084322

99 qw the Chopper (level 4, -6/26 HPs)
             Began as a Tengu Warper on Aug 28, 2022.
             Killed by nerve-wracking pain
             ... invoked by Grinder
              (14 damage)
             ... on level 4 of the Dungeon.
             The game lasted 00:00:17 (3358 turns).

qw the Chopper (Tengu Warper)                       Turns: 3358, Time: 00:00:18

Health: -6/26      AC: 11    Str: 13    XL:     4   Next: 72%
Magic:  8/8        EV:  3    Int: 14    God:
Gold:   116        SH:  0    Dex: 13    Spells: 7/7 levels left

rFire   . . .      SeeInvis .   Y - +0 hand axe
rCold   . . .      Faith    .   (no shield)
rNeg    . . .      Spirit   .   e - +0 plate armour
rPois   .          Reflect  .   (helmet restricted)
rElec   .          Harm     .   (no cloak)
rCorr   .          Rampage  .   f - +0 pair of gloves
Will    .....                   (boots unavailable)
Stlth   ..........              (no amulet)
HPRegen 0.08/turn               (no ring)
MPRegen 0.11/turn               (no ring)

@: no status effects
A: beak, talons 3
a: no special abilities


You were on level 4 of the Dungeon.
You visited 1 branch of the dungeon, and saw 4 of its levels.

You collected 116 gold pieces.


Innate Abilities, Weirdness & Mutations

You have a beak for a mouth.
You have claws for feet.


   Skills:
 - Level 2.0 Fighting
 + Level 4.9 Axes
 - Level 1.0 Throwing
 - Level 2.0 Armour
 - Level 2.1 Dodging
 - Level 2.0 Spellcasting
 - Level 2.4 Translocations


You had 7 spell levels left.
You didn't know any spells.
Your spell library contained the following spells:

 Spells                   Type           Power      Damage    Failure   Level
 Blink                    Tloc           16%        N/A       100%        2
 Gell's Gravitas          Tloc           8%         N/A       100%        3
 Lesser Beckoning         Tloc           8%         N/A       100%        3
 Teleport Other           Tloc           8%         N/A       100%        3
 Manifold Assault         Tloc           8%         N/A       100%        5

Inventory:

Hand Weapons
 a - a +0 flail
 Y - a +0 hand axe (weapon)
Armour
 e - a +0 plate armour (worn)
 f - a +0 pair of gloves (worn)
Scrolls
 d - a scroll of teleportation
Potions
 b - a potion of brilliance {unknown}
 c - a potion of haste {unknown}
 h - a potion of ambrosia {unknown}
 i - a potion of curing {unknown}

Dungeon Overview and Level Annotations

Branches:
Dungeon (4/15)
 Temple: D:4-7

Altars:
Cheibriados
Fedhas

Annotations:
D:3 2 runed translucent doors
D:4 Grinder


Message History

You feel strangely unstable.
You start waiting.
Your surroundings suddenly seem different.
Enter note:
There is a blossoming altar of Fedhas here.
As you open the door, it creaks loudly!
There is an open door here.
The kobold shouts!
Could not explore, unopened runed door.
(D) Dungeon
Where to? (* - list waypoints, Enter - D:4, ? - help)
What level of the Dungeon? (default 1, ? - help)
There is an open door here.
You see here a +0 leather armour.
There is a stone staircase leading up here.
There is a stone staircase leading down here.
You climb downwards.
There is a stone staircase leading up here.
Existing waypoints: (1) D:2 (2) D:3 Assign waypoint to what number? (0-9, D - delete waypoint) Waypoint 1 re-assigned from D:2 to D:4.
Grinder comes into view.
Grinder shouts!
3352 ||| Stepping ~*~*~tactically~*~*~ (hiding).
There is a stone staircase leading up here.
You start waiting.
Grinder is nearby!
Grinder hits you.
You writhe in agony.
You closely miss Grinder. Grinder hits you but does no damage.
You closely miss Grinder. You peck Grinder.
Grinder is lightly wounded.
Grinder hits you.
You writhe in agony.
You hit Grinder. Your kick misses Grinder.
Grinder is lightly wounded.
Grinder gestures at you. Pain shoots through your body!
Ouch! That really hurt!
You die... #. #. #. #. #. #. #5#######.# #.@<......# ###########

You could see Grinder.

Vanquished Creatures
  3 adders
  A worm (D:2)
  A dart slug (D:2)
  5 orcs (D:3)
  4 ball pythons
  4 endoplasms
  A giant cockroach (D:3)
  A goblin (D:3)
  7 hobgoblins
  6 jackals
  3 quokkas
  4 bats
  4 frilled lizards
  4 kobolds
  9 rats
57 creatures vanquished.

Notes
Turn   | Place    | Note
-------+----------+-------------------------------------------
     0 | D:1      | qw the Tengu Warper began the quest for the Orb.
     0 | D:1      | Reached XP level 1. HP: 12/12 MP: 4/4
     0 | D:1      | 0 ||| qw: Version: 0.1-a-89-g26bdef1
     0 | D:1      | 0 ||| qw: Game counter: 2511
     0 | D:1      | 0 ||| qw: Always use a shield: true
     0 | D:1      | 0 ||| qw: God list: Okawaru
     0 | D:1      | 0 ||| qw: Allow faded altars: false
     0 | D:1      | 0 ||| qw: Do Orc after D:15 true
     0 | D:1      | 0 ||| qw: Do second Lair branch before Depths: true
     0 | D:1      | 0 ||| qw: Lair rune preference: random
     0 | D:1      | 0 ||| qw: Plans: Normal
     0 | D:1      | 0 ||| PLANNING D:1-11
   304 | D:1      | Reached XP level 2. HP: 11/17 MP: 6/6
   463 | D:1      | Reached skill level 3 in Axes
   566 | D:1      | 566 ||| UPGRADING to +0 pair of gloves.
   974 | D:1      | 974 ||| READING scroll labelled SIECZUOHAU.
   978 | D:1      | 978 ||| READING 2 scrolls labelled JUFRAEHUDI.
   979 | D:1      | 979 ||| READING scroll labelled YNGAUFATOS.
   980 | D:1      | 980 ||| DROPPING scroll of blinking.
   981 | D:1      | 981 ||| DROPPING scroll of noise.
  1018 | D:2      | Reached XP level 3. HP: 13/21 MP: 7/7
  1160 | D:2      | Found a snail-covered altar of Cheibriados.
  1193 | D:2      | Identified the +3 leather armour "Niupn" {Will+ Int+5}
  1252 | D:2      | Reached skill level 4 in Axes
  1281 | D:2      | 1281 ||| Stepping ~*~*~tactically~*~*~ (stealth).
  1287 | D:2      | 1287 ||| Stepping ~*~*~tactically~*~*~ (stealth).
  1366 | D:2      | 1366 ||| UPGRADING to +3 leather armour "Niupn" {Will+
                  | Int+5}.
  1376 | D:2      | 1376 ||| DROPPING +0 leather armour.
  1377 | D:2      | 1377 ||| Stepping randomly (stuck).
  1378 | D:2      | 1378 ||| Stepping randomly (stuck).
  1379 | D:2      | 1379 ||| Stepping randomly (stuck).
  1380 | D:2      | 1380 ||| Stepping randomly (stuck).
  1381 | D:2      | 1381 ||| Stepping randomly (stuck).
  1382 | D:2      | 1382 ||| Stepping randomly (stuck).
  1549 | D:2      | 1549 ||| Stepping ~*~*~tactically~*~*~ (stealth).
  1782 | D:2      | 1782 ||| Stepping ~*~*~tactically~*~*~ (stealth).
  1785 | D:2      | 1785 ||| Stepping ~*~*~tactically~*~*~ (stealth).
  1800 | D:2      | Reached XP level 4. HP: 26/26 MP: 8/8
  1855 | D:2      | Found a faded altar of an unknown god.
  2221 | D:2      | 2221 ||| UPGRADING to +0 plate armour.
  2231 | D:2      | 2231 ||| DROPPING +3 leather armour "Niupn" {Will+ Int+5}.
  2232 | D:2      | 2232 ||| READING scroll labelled TAPION UJIS.
  2255 | D:3      | 2255 ||| STAIRDANCE
  2326 | D:3      | HP: 5/26 [orc/+0 dagger (2)]
  2636 | D:3      | Found a blossoming altar of Fedhas.
  3156 | D:3      | Found a large runed translucent door.
  3157 | D:3      | Found a large runed translucent door.
  3182 | D:3      | 3182 ||| Stepping ~*~*~tactically~*~*~ (stealth).
  3273 | D:3      | 3273 ||| READING scroll labelled ZAULEA ICRIS DOHUO.
  3274 | D:3      | 3274 ||| READING scroll labelled VUKEUM QICWEO.
  3275 | D:3      | 3275 ||| READING 2 scrolls of teleportation.
  3351 | D:4      | Noticed Grinder
  3352 | D:4      | 3352 ||| Stepping ~*~*~tactically~*~*~ (hiding).
  3358 | D:4      | Killed from afar by Grinder

Levels and vault maps discovered:
D:1:      onia_arrival_mini_spirals, layout_basic, minmay_heptomino_o4
D:2:      layout_loops_ring, shapermc_ecumenical_altar_mp_vishouse,
          serial_aquarium, aquarium_bridge_straight [aquarium_subvault_bridge,
          aquarium_subvault_balcony, aquarium_subvault_bridge,
          aquarium_subvault_balcony], aquarium_bridge_square
          [aquarium_subvault_wall, aquarium_subvault_window,
          aquarium_subvault_bridge, aquarium_subvault_window],
          aquarium_window_1, aquarium_window_1, aquarium_window_fake,
          aquarium_window_2, aquarium_view_2c, aquarium_balcony_3a,
          aquarium_pool_1, basic_altar
D:3:      layout_rooms, mainiacjoe_overflow_cross_hatched,
          jmf_multi_god_temple2, nicolae_titane
D:4:      layout_basic, overflow_temple_1_default, mainiacjoe_overflow_alcove_4,
          uniq_grinder

Skill      XL: |  1  2  3  4 |
---------------+-------------+-----
Axes           | 3 4 |  4.9
Armour         | 2 |  2.0
Fighting       | |  2.0
Throwing       | |  1.0
Dodging        | |  2.1
Spellcasting   | |  2.0
Translocations | |  2.4

Action                   |  1- 3 |  4- 6 || total
-------------------------+-------+-------++-------
Melee: Hand axe          |    87 |    77 ||   164
       Kick              |    26 |    18 ||    44
       Peck              |     9 |     8 ||    17
       Punch             |     1 |       ||     1
Throw: Boomerang         |     7 |       ||     7
  Use: Scroll            |     3 |     4 ||     7
 Stab: Sleeping          |     1 |       ||     1
Armor: Leather armour    |    18 |     2 ||    20
       Plate armour      |       |    60 ||    60
Dodge: Dodged            |    50 |     7 ||    57

Table legend:
 A = Non-vault XP
 B = Vault XP
 C = Vault XP percentage of total XP
 D = Non-vault monster count
 E = Vault monster count
 F = Vault count percentage of total count
                 A         B        C        D         E       F
            +---------+---------+-------+---------+---------+-------
      Total |     139 |       3 |   2.1 |      55 |       2 |   3.5
            +---------+---------+-------+---------+---------+-------
        D:1 |      19 |       3 |  13.6 |      12 |       2 |  14.3
        D:2 |      65 |       0 |   0.0 |      22 |       0 |   0.0
        D:3 |      55 |       0 |   0.0 |      21 |       0 |   0.0
            +---------+---------+-------+---------+---------+-------
